 Dungeon Crawl Stone Soup version 0.29.0-4-gdea44cf6ec (webtiles) character file.

Game seed: 1548327529366052042

4802 qw the Grappler (level 10, -6/96 HPs)
             Began as a Troll Cinder Acolyte on Aug 31, 2022.
             Was a Priest of Ignis.
             Mangled by a troll simulacrum (10 damage)
             ... on level 12 of the Dungeon.
             The game lasted 00:03:33 (6968 turns).

qw the Grappler (Troll Cinder Acolyte)              Turns: 6968, Time: 00:03:34

Health: -6/96      AC:  5    Str: 28    XL:     10   Next: 24%
Magic:  10/10      EV:  6    Int: 10    God:    Ignis [***...]
Gold:   390        SH:  0    Dex:  5    Spells: 11/11 levels left

rFire   + . .      SeeInvis +     - Unarmed
rCold   . . .      Faith    .   (no shield)
rNeg    . . .      Spirit   .   a - +0 robe
rPois   .          Reflect  .   (helmet restricted)
rElec   .          Harm     .   m - +0 cloak
rCorr   .          Rampage  .   (gloves unavailable)
Will    .....                   (boots unavailable)
Stlth   +.........              (no amulet)
HPRegen 1.06/turn               k - ring of see invisible
MPRegen 0.12/turn               (no ring)

@: about to teleport, constricted
A: large, unfitting armour, claws 3, regeneration 1, shaggy fur 1, tough skin 1
a: Renounce Religion, Fiery Armour, Foxfire Swarm, Rising Flame


You were on level 12 of the Dungeon.
You worshipped Ignis.
Ignis was most pleased with you.
You visited 1 branch of the dungeon, and saw 10 of its levels.

You collected 390 gold pieces.


Innate Abilities, Weirdness & Mutations

You are too large for most types of armour.
You have claws for hands.
Your natural rate of healing is unusually fast.
You are covered in fur. (AC +1)
You have tough skin. (AC +1)


   Skills:
 - Level 5.0 Fighting
 - Level 3.4 Throwing
 - Level 1.0 Armour
 - Level 1.2 Dodging
 + Level 13.5 Unarmed Combat
 - Level 1.0 Spellcasting
 - Level 2.1 Fire Magic


You had 11 spell levels left.
You didn't know any spells.
Your spell library contained the following spells:

 Spells                   Type           Power      Damage    Failure   Level
 Scorch                   Fire           8%         2d5       22%         2

Inventory:

Missiles
 c - 5 boomerangs (quivered)
Armour
 a - a +0 robe (worn)
 m - a +0 cloak (worn)
Jewellery
 b - a ring of fire
 k - a ring of see invisible (left claw)
Scrolls
 d - 3 scrolls of identify
 e - a scroll of teleportation
 g - 2 scrolls of enchant weapon
Potions
 f - a potion of might
 h - a potion of curing
 i - 2 potions of heal wounds
 l - 2 potions of mutation
 n - a potion of haste

Dungeon Overview and Level Annotations

Branches:
Dungeon (9/15)             Temple (0/1) D:6             Orc (0/2) D:9
   Lair: D:8-11

Altars:
Fedhas
Gozag
Ru
Sif Muna
Uskayaw
Vehumet
The Shining One

Shops:
D:8 :

Portals:
Ice
Cave: D:12


Message History

The troll simulacrum vaporises!
A naga simulacrum comes into view.
You barely miss the naga simulacrum. You claw the naga simulacrum!
The naga simulacrum is severely damaged.
You mangle the naga simulacrum!!
The naga simulacrum vaporises! 3 troll simulacra, a naga simulacrum and a spriggan simulacrum come into view.
Found a frozen archway.
You eviscerate the troll simulacrum!!!
The troll simulacrum vaporises!
6962 ||| Stepping ~*~*~tactically~*~*~ (outnumbered).
The spriggan simulacrum closely misses you.
You mangle the spriggan simulacrum!!
The spriggan simulacrum vaporises!
The troll simulacrum bites you but does no damage.
The troll simulacrum claws you but does no damage. x2
You claw the troll simulacrum!
The troll simulacrum is heavily damaged.
The troll simulacrum bites you but does no damage.
The troll simulacrum claws you but does no damage.
The troll simulacrum claws you. The troll simulacrum freezes you!!
You claw the troll simulacrum!
The troll simulacrum is almost destroyed.
The troll simulacrum bites you but does no damage.
The troll simulacrum claws you. The troll simulacrum freezes you!!
The troll simulacrum claws you but does no damage.
You claw the troll simulacrum!
The troll simulacrum vaporises!
A polar bear simulacrum comes into view.
You scratch the troll simulacrum.
The troll simulacrum is lightly damaged.
The troll simulacrum bites you! The troll simulacrum freezes you!!
The troll simulacrum claws you! The troll simulacrum freezes you!
The troll simulacrum completely misses you.
6968 ||| READING 2 scrolls of teleportation.
As you read the scroll of teleportation, it crumbles to dust.
You feel strangely unstable. The naga simulacrum barely misses you.
The naga simulacrum grabs you. The naga simulacrum constricts you.
The troll simulacrum bites you!
You die...

#..# #..# #..# #..#
#..# #..##+##
#......#
###########......#
#......@.........#
#......ZZ..........
.........#########.
..........
...........
..........Z.
.............
..............
.....(........


You could see a polar bear simulacrum, a naga simulacrum and a troll simulacrum.

Vanquished Creatures
  A two-headed ogre (D:8)
  A steam dragon (D:7)
  3 water moccasins
  3 ice beasts
  2 orc warriors
  4 sky beasts
  3 black bears
  An ogre (D:7)
  2 centaurs
  2 phantoms
  3 bullfrogs
  3 necrophages
  2 gnoll sergeants (D:8)
  2 scorpions (D:4)
  5 wights (D:8)
  4 killer bees (D:9)
  5 howler monkeys
  5 hounds
  3 orc priests
  3 iguanas
  13 orc wizards
  3 troll simulacra (D:12)
  A spriggan simulacrum (D:12)
  9 gnolls
  11 adders
  A naga simulacrum (D:12)
  2 shadow imps
  3 white imps
  An ufetubus (D:6)
  3 worms (D:2)
  2 dart slugs
  22 orcs
  6 bats
  3 endoplasms
  3 giant cockroaches
  9 goblins
  9 hobgoblins
  8 jackals (D:1)
  7 kobolds
  5 quokkas
  5 ball pythons
  4 frilled lizards
  5 rats
192 creatures vanquished.

Vanquished Creatures (others)
  6 fungi (D:8)
  3 plants (D:8)
9 creatures vanquished.

Grand Total: 201 creatures vanquished

Notes
Turn   | Place    | Note
-------+----------+-------------------------------------------
     0 | D:1      | qw the Troll Cinder Acolyte began the quest for the Orb.
     0 | D:1      | Reached XP level 1. HP: 22/22 MP: 1/1
     0 | D:1      | 0 ||| qw: Version: 0.1-a-97-g2dd2ca4
     0 | D:1      | 0 ||| qw: Game counter: 4683
     0 | D:1      | 0 ||| qw: Always use a shield: true
     0 | D:1      | 0 ||| qw: God list: Okawaru
     0 | D:1      | 0 ||| qw: Allow faded altars: false
     0 | D:1      | 0 ||| qw: Do Orc after D:15 true
     0 | D:1      | 0 ||| qw: Do second Lair branch before Depths: true
     0 | D:1      | 0 ||| qw: Lair rune preference: random
     0 | D:1      | 0 ||| qw: Plans: Normal
     0 | D:1      | 0 ||| PLANNING D:1-11
   128 | D:1      | Reached XP level 2. HP: 29/29 MP: 2/2
   350 | D:1      | Reached skill level 4 in Unarmed Combat
   476 | D:1      | Reached XP level 3. HP: 33/36 MP: 3/3
   745 | D:1      | 745 ||| Stepping ~*~*~tactically~*~*~ (outnumbered).
   746 | D:1      | 746 ||| Stepping ~*~*~tactically~*~*~ (outnumbered).
   748 | D:1      | 748 ||| Stepping ~*~*~tactically~*~*~ (outnumbered).
   749 | D:1      | 749 ||| Stepping ~*~*~tactically~*~*~ (outnumbered).
   971 | D:1      | 971 ||| DROPPING orb of wrath.
   972 | D:1      | 972 ||| READING scroll labelled VUACOT YSKU.
   973 | D:1      | 973 ||| READING scroll labelled ATIWEGR SAAFOUSA.
   976 | D:1      | 976 ||| READING scroll labelled JESCHY XYSHRU.
  1049 | D:2      | 1049 ||| Stepping ~*~*~tactically~*~*~ (stealth).
  1050 | D:2      | 1050 ||| Stepping ~*~*~tactically~*~*~ (stealth).
  1099 | D:2      | 1099 ||| Stepping ~*~*~tactically~*~*~ (stealth).
  1102 | D:2      | 1102 ||| Stepping ~*~*~tactically~*~*~ (stealth).
  1105 | D:2      | Identified the +0 ring mail "Ovikk" {-Tele rF- Int+8 SInv}
  1157 | D:2      | Reached XP level 4. HP: 43/44 MP: 4/4
  1193 | D:2      | 1193 ||| Stepping ~*~*~tactically~*~*~ (stealth).
  1194 | D:2      | 1194 ||| Stepping ~*~*~tactically~*~*~ (stealth).
  1205 | D:2      | 1205 ||| Stepping ~*~*~tactically~*~*~ (stealth).
  1206 | D:2      | 1206 ||| Stepping ~*~*~tactically~*~*~ (stealth).
  1213 | D:2      | Reached skill level 5 in Unarmed Combat
  1226 | D:2      | 1226 ||| Stepping ~*~*~tactically~*~*~ (outnumbered).
  1227 | D:2      | 1227 ||| Stepping ~*~*~tactically~*~*~ (outnumbered).
  1249 | D:2      | 1249 ||| READING scroll labelled DOXOATAUPH.
  1250 | D:2      | 1250 ||| Stepping randomly (stuck).
  1251 | D:2      | 1251 ||| Stepping randomly (stuck).
  1252 | D:2      | 1252 ||| Stepping randomly (stuck).
  1253 | D:2      | 1253 ||| Stepping randomly (stuck).
  1254 | D:2      | 1254 ||| Stepping randomly (stuck).
  1456 | D:2      | 1456 ||| Stepping ~*~*~tactically~*~*~ (hiding).
  1457 | D:2      | 1457 ||| Stepping ~*~*~tactically~*~*~ (hiding).
  1776 | D:2      | 1776 ||| Stepping ~*~*~tactically~*~*~ (outnumbered).
  1823 | D:2      | 1823 ||| READING scroll labelled HEUSYOBRAF.
  1824 | D:2      | 1824 ||| READING 2 scrolls of identify.
  1824 | D:2      | 1824 ||| IDENTIFYING glowing black potion
  1851 | D:3      | Found a faded altar of an unknown god.
  1887 | D:3      | Found a hide-covered altar of Uskayaw.
  2041 | D:3      | Reached skill level 1 in Throwing
  2071 | D:3      | 2071 ||| Stepping ~*~*~tactically~*~*~ (stealth).
  2072 | D:3      | 2072 ||| Stepping ~*~*~tactically~*~*~ (stealth).
  2103 | D:3      | Found a radiant altar of Vehumet.
  2359 | D:3      | 2359 ||| READING scroll labelled VEUNYI WUCIE.
  2360 | D:3      | 2360 ||| READING scroll labelled TAFESHICOK.
  2361 | D:3      | 2361 ||| READING scroll labelled JEONAHENUR.
  2390 | D:4      | Noticed a scorpion
  2391 | D:4      | 2391 ||| INVOKING Fiery Armour.
  2393 | D:4      | Reached XP level 5. HP: 50/50 MP: 5/5
  2395 | D:4      | 2395 ||| Stepping ~*~*~tactically~*~*~ (outnumbered).
  2400 | D:4      | Noticed an orc warrior
  2401 | D:4      | 2401 ||| Stepping ~*~*~tactically~*~*~ (outnumbered).
  2403 | D:4      | Reached skill level 6 in Unarmed Combat
  2404 | D:4      | 2404 ||| Stepping ~*~*~tactically~*~*~ (outnumbered).
  2405 | D:4      | 2405 ||| Stepping ~*~*~tactically~*~*~ (outnumbered).
  2414 | D:4      | HP: 5/50 [orc warrior/+0 trident (16)]
  2415 | D:4      | Killed an orc warrior
  2416 | D:4      | Reached XP level 6. HP: 5/59 MP: 6/6
  2418 | D:4      | 2418 ||| FLEEEEING.
  2419 | D:4      | 2419 ||| STAIRDANCE
  2476 | D:4      | Reached skill level 7 in Unarmed Combat
  2776 | D:4      | Found an opulent altar of Gozag.
  2832 | D:4      | 2832 ||| Stepping ~*~*~tactically~*~*~ (stealth).
  2847 | D:4      | Reached skill level 8 in Unarmed Combat
  2847 | D:4      | Reached XP level 7. HP: 66/66 MP: 7/7
  3092 | D:4      | 3092 ||| READING scroll labelled UHUIPR PEEM.
  3124 | D:4      | 3124 ||| READING scroll labelled ADIOSA PUAFOM.
  3125 | D:4      | 3125 ||| READING 2 scrolls of identify.
  3125 | D:4      | 3125 ||| IDENTIFYING brown potion
  3126 | D:4      | 3126 ||| DROPPING potion of flight.
  3147 | D:5      | Entered Level 5 of the Dungeon
  3250 | D:5      | 3250 ||| Stepping ~*~*~tactically~*~*~ (hiding).
  3251 | D:5      | 3251 ||| Stepping ~*~*~tactically~*~*~ (hiding).
  3252 | D:5      | 3252 ||| Stepping ~*~*~tactically~*~*~ (hiding).
  3253 | D:5      | 3253 ||| Stepping ~*~*~tactically~*~*~ (hiding).
  3254 | D:5      | 3254 ||| Stepping ~*~*~tactically~*~*~ (hiding).
  3297 | D:5      | Identified the +1 leather armour "Darua" {rPois rF+ Str-5
                  | SInv}
  3306 | D:5      | 3306 ||| Stepping ~*~*~tactically~*~*~ (hiding).
  3307 | D:5      | 3307 ||| Stepping ~*~*~tactically~*~*~ (hiding).
  3312 | D:5      | Reached skill level 3 in Fighting
  3546 | D:5      | 3546 ||| Stepping ~*~*~tactically~*~*~ (hiding).
  3549 | D:5      | Reached skill level 9 in Unarmed Combat
  3558 | D:5      | 3558 ||| Stepping ~*~*~tactically~*~*~ (hiding).
  3564 | D:5      | Reached XP level 8. HP: 75/75 MP: 8/8
  3587 | D:5      | 3587 ||| Stepping ~*~*~tactically~*~*~ (hiding).
  3647 | D:5      | Reached skill level 1 in Dodging
  4102 | D:5      | 4102 ||| READING 6 scrolls of identify.
  4102 | D:5      | 4102 ||| IDENTIFYING dark potion
  4103 | D:5      | 4103 ||| READING 5 scrolls of identify.
  4103 | D:5      | 4103 ||| IDENTIFYING orange potion
  4104 | D:5      | 4104 ||| READING 4 scrolls of identify.
  4104 | D:5      | 4104 ||| IDENTIFYING fuming cyan potion
  4105 | D:5      | 4105 ||| READING 3 scrolls of identify.
  4105 | D:5      | 4105 ||| IDENTIFYING fizzy white potion
  4106 | D:5      | 4106 ||| READING 2 scrolls of identify.
  4106 | D:5      | 4106 ||| IDENTIFYING fuming clear potion
  4107 | D:5      | 4107 ||| DROPPING potion of attraction.
  4108 | D:5      | 4108 ||| DROPPING potion of degeneration.
  4212 | D:6      | 4212 ||| DRINKING 2 potions of curing.
  4212 | D:6      | 4212 ||| (to cure confusion)
  4216 | D:6      | 4216 ||| Stepping ~*~*~tactically~*~*~ (outnumbered).
  4217 | D:6      | 4217 ||| Stepping ~*~*~tactically~*~*~ (outnumbered).
  4218 | D:6      | 4218 ||| Stepping ~*~*~tactically~*~*~ (outnumbered).
  4219 | D:6      | 4219 ||| Stepping ~*~*~tactically~*~*~ (outnumbered).
  4220 | D:6      | 4220 ||| Stepping ~*~*~tactically~*~*~ (outnumbered).
  4221 | D:6      | 4221 ||| Stepping ~*~*~tactically~*~*~ (outnumbered).
  4223 | D:6      | 4223 ||| Stepping ~*~*~tactically~*~*~ (outnumbered).
  4228 | D:6      | 4228 ||| FLEEEEING.
  4229 | D:6      | 4229 ||| FLEEEEING.
  4230 | D:6      | 4230 ||| FLEEEEING.
  4232 | D:6      | 4232 ||| FLEEEEING.
  4233 | D:6      | 4233 ||| FLEEEEING.
  4234 | D:6      | 4234 ||| FLEEEEING.
  4235 | D:6      | 4235 ||| FLEEEEING.
  4236 | D:6      | 4236 ||| FLEEEEING.
  4237 | D:6      | 4237 ||| FLEEEEING.
  4239 | D:6      | 4239 ||| FLEEEEING.
  4240 | D:6      | 4240 ||| FLEEEEING.
  4241 | D:6      | 4241 ||| FLEEEEING.
  4243 | D:6      | 4243 ||| STAIRDANCE
  4258 | D:5      | 4258 ||| READING scroll labelled GETYPS JEWNOQI.
  4264 | D:6      | Reached skill level 10 in Unarmed Combat
  4264 | D:6      | 4264 ||| STAIRDANCE
  4351 | D:6      | 4351 ||| Stepping ~*~*~tactically~*~*~ (stealth).
  4502 | D:6      | 4502 ||| Stepping ~*~*~tactically~*~*~ (hiding).
  4640 | D:6      | Found a sacrificial altar of Ru.
  4779 | D:6      | 4779 ||| INVOKING Fiery Armour.
  4784 | D:6      | 4784 ||| Stepping ~*~*~tactically~*~*~ (outnumbered).
  4791 | D:6      | Reached skill level 11 in Unarmed Combat
  4791 | D:6      | Reached XP level 9. HP: 57/84 MP: 9/9
  4876 | D:6      | Found a glowing golden altar of the Shining One.
  4937 | D:6      | Found a staircase to the Ecumenical Temple.
  5010 | D:6      | 5010 ||| UPGRADING to ring of see invisible.
  5011 | D:6      | 5011 ||| READING scroll labelled BIMIMN OHETU.
  5101 | D:7      | 5101 ||| Stepping ~*~*~tactically~*~*~ (outnumbered).
  5104 | D:7      | Reached skill level 3 in Throwing
  5145 | D:7      | 5145 ||| Stepping ~*~*~tactically~*~*~ (hiding).
  5146 | D:7      | 5146 ||| Stepping ~*~*~tactically~*~*~ (hiding).
  5502 | D:7      | 5502 ||| INVOKING Fiery Armour.
  5509 | D:7      | Reached skill level 12 in Unarmed Combat
  5771 | D:7      | 5771 ||| READING 5 scrolls of identify.
  5771 | D:7      | 5771 ||| IDENTIFYING blue potion
  5772 | D:7      | 5772 ||| DROPPING potion of ambrosia.
  6007 | D:8      | 6007 ||| INVOKING Fiery Armour.
  6009 | D:8      | HP: 12/88 [orc warrior/+0 long sword (14)]
  6010 | D:8      | 6010 ||| READING 4 scrolls of teleportation.
  6011 | D:8      | 6011 ||| DRINKING 2 potions of heal wounds.
  6083 | D:8      | Found a shimmering blue altar of Sif Muna.
  6263 | D:8      | 6263 ||| Stepping ~*~*~tactically~*~*~ (hiding).
  6504 | D:8      | 6504 ||| Stepping ~*~*~tactically~*~*~ (hiding).
  6505 | D:8      | 6505 ||| Stepping ~*~*~tactically~*~*~ (hiding).
  6506 | D:8      | 6506 ||| Stepping ~*~*~tactically~*~*~ (hiding).
  6510 | D:8      | 6510 ||| Stepping ~*~*~tactically~*~*~ (stealth).
  6518 | D:8      | 6518 ||| Stepping ~*~*~tactically~*~*~ (outnumbered).
  6536 | D:8      | Found Giedud's Book Shoppe.
  6536 | D:8      | Noticed a two-headed ogre
  6537 | D:8      | 6537 ||| INVOKING Fiery Armour.
  6540 | D:8      | Killed a two-headed ogre
  6541 | D:8      | Reached skill level 13 in Unarmed Combat
  6541 | D:8      | Reached XP level 10. HP: 81/96 MP: 10/10
  6601 | D:8      | Found a blossoming altar of Fedhas.
  6708 | D:8      | 6708 ||| UPGRADING to +0 cloak.
  6713 | D:8      | 6713 ||| READING 4 scrolls of identify.
  6713 | D:8      | 6713 ||| IDENTIFYING glowing purple potion
  6753 | D:9      | Found a staircase to the Orcish Mines.
  6767 | D:9      | 6767 ||| INVOKING Fiery Armour.
  6769 | D:9      | HP: 23/96 [poisoned by a killer bee]
  6770 | D:9      | Reached skill level 1 in Armour
  6770 | D:9      | 6770 ||| READING 3 scrolls of teleportation.
  6770 | D:9      | HP: 8/96 [killer bee (4)]
  6771 | D:9      | 6771 ||| DRINKING 2 potions of curing.
  6771 | D:9      | 6771 ||| (to cure poison)
  6948 | D:9      | You fall into a shaft and drop 3 floors!
  6958 | D:12     | Found a frozen archway.
  6962 | D:12     | 6962 ||| Stepping ~*~*~tactically~*~*~ (outnumbered).
  6967 | D:12     | HP: 21/96 [troll simulacrum (8)]
  6967 | D:12     | HP: 5/96 [troll simulacrum (16)]
  6968 | D:12     | 6968 ||| READING 2 scrolls of teleportation.
  6968 | D:12     | Mangled by a troll simulacrum

Levels and vault maps discovered:
D:1:      dpeg_arrival_three_same_balls, layout_loops_corners, minivault_24
D:2:      layout_loops_ring, due_unseen_surprise
D:3:      layout_rooms, vehumet_crystals, nicolae_uskayaw_dance_hall,
          nicolae_ecumenical_pavilion
D:4:      layout_basic, nicolae_gozag_cash_rules_everything_around_me,
          serial_corexii_hall, corexii_hall_statues_deadend,
          corexii_hall_statues_deadend, chequers_hall_statues_corner_a
D:5:      layout_basic, serial_glass, glass_columns_c, glass_columns_a,
          due_unseen_surprise, minmay_strange_pillars, wad_rectangle_vault
D:6:      layout_basic, nicolae_tso_swordbearing_angel,
          nicolae_ru_the_path_less_chosen, minmay_temple_entry_antechambers,
          minmay_between
D:7:      layout_basic, grunt_ministairs_2
D:8:      layout_loops_corners, fedhas_altar_3, mainiacjoe_overflow_boulevard,
          serial_shops, shop
D:9:      layout_layer_cave, mainiacjoe_overflow_chevrons,
          mainiacjoe_overflow_24_doors, grunt_ogre_cave
D:12:     minmay_open_boxes_in_corner, layout_irregular_city,
          portal_ice_cave_entry_ice_simulacra, serial_shops, shop, uniq_sonja

Skill      XL: |  1  2  3  4  5  6  7  8  9 10 |
---------------+-------------------------------+-----
Unarmed Combat | 4 5 6 8 9 11 13 | 13.5
Throwing       | 1 2 3 |  3.4
Fighting       | 3 4 5 |  5.0
Dodging        | 1 |  1.2
Armour         | 1 |  1.0
Spellcasting   | |  1.0
Fire Magic     | |  2.1

Action                   |  1- 3 |  4- 6 |  7- 9 | 10-12 || total
-------------------------+-------+-------+-------+-------++-------
Melee: Unarmed           |   117 |   141 |   211 |    40 ||   509
       Punch             |       |     2 |     6 |     2 ||    10
Throw: Javelin           |       |    17 |    39 |     3 ||    59
       Boomerang         |       |     1 |     1 |       ||     2
Invok: Fiery Armour      |       |     1 |     4 |     1 ||     6
  Use: Scroll            |     3 |     6 |    12 |     3 ||    24
       Potion            |       |       |     2 |     1 ||     3
Armor: Robe              |    43 |    45 |    60 |    15 ||   163
Dodge: Dodged            |    46 |    55 |    86 |    17 ||   204

Table legend:
 A = Non-vault XP
 B = Vault XP
 C = Vault XP percentage of total XP
 D = Non-vault monster count
 E = Vault monster count
 F = Vault count percentage of total count
                 A         B        C        D         E       F
            +---------+---------+-------+---------+---------+-------
      Total |    6040 |     821 |  12.0 |     176 |      16 |   8.3
            +---------+---------+-------+---------+---------+-------
        D:1 |      62 |       0 |   0.0 |      30 |       0 |   0.0
        D:2 |      79 |       0 |   0.0 |      24 |       0 |   0.0
        D:3 |      54 |       0 |   0.0 |      12 |       0 |   0.0
        D:4 |     645 |       0 |   0.0 |      27 |       0 |   0.0
        D:5 |     347 |     372 |  51.7 |      11 |       6 |  35.3
        D:6 |    1256 |     252 |  16.7 |      21 |       3 |  12.5
        D:7 |    1315 |      55 |   4.0 |      17 |       2 |  10.5
        D:8 |    2037 |       0 |   0.0 |      30 |       0 |   0.0
        D:9 |     245 |       0 |   0.0 |       4 |       0 |   0.0
       D:12 |       0 |     142 | 100.0 |       0 |       5 | 100.0
            +---------+---------+-------+---------+---------+-------
